 Dungeon Crawl Stone Soup version 0.27-a0-417-g317cea8a3c (webtiles) character file.

Game seed: 15443750554544481894

55 tilp the Sneak (level 3, -6/24 HPs)
             Began as an Octopode Transmuter on Feb 26, 2021.
             Mangled by a gnoll
             ... wielding a +0 spear
              (10 damage)
             ... on level 2 of the Dungeon.
             The game lasted 00:03:21 (1322 turns).

tilp the Sneak (Octopode Transmuter)                Turns: 1322, Time: 00:03:21

Health: -6/24      AC:  1    Str:  9    XL:     3   Next: 93%
Magic:  5/6        EV: 13    Int: 16    God:
Gold:   61         SH:  0    Dex: 12    Spells: 3/6 levels left

rFire    . . .     SeeInvis .     - Unarmed
rCold    . . .     Faith    .   (no shield)
rNeg     . . .     Spirit   .   (helmet restricted)
rPois    .         Reflect  .   (no amulet)
rElec    .         Harm     .   (no ring)
rCorr    .         Rampage  .   (no ring)
Will     .....                  (no ring)
Stlth    +++.......             (no ring)
HPRegen  0.08/turn              (no ring)
MPRegen  0.10/turn              (no ring)
                                (no ring)
                                (no ring)

@: wereblooded (expiring), flying
A: almost no armour, stealthy swim, amphibious, 8 rings, constrict 8, camouflage
1, gelatinous body 1
a: no special abilities


You were on level 2 of the Dungeon.
You visited 1 branch of the dungeon, and saw 2 of its levels.

You collected 61 gold pieces.

Inventory:

Missiles
 a - 46 stones (quivered)
Scrolls
 f - a scroll of enchant weapon {unknown}
Potions
 c - a potion of degeneration {unknown}
 e - a potion of magic {unknown}


   Skills:
 + Level 1.6 Fighting
 - Level 2.0 Dodging
 - Level 4.0 Stealth
 + Level 3.3 Unarmed Combat
 - Level 2.0 Spellcasting
 - Level 2.0 Transmutations


You had 3 spell levels left.
You knew the following spells:

 Your Spells              Type           Power        Failure   Level
a - Beastly Appendage     Tmut           16%          9%          1
b - Wereblood             Tmut           8%           14%         2

Your spell library contained the following spells:

 Spells                   Type           Power        Failure   Level
 Spider Form              Tmut/Pois      2%           38%         3
 Ice Form                 Ice/Tmut       4%           80%         4
 Blade Hands              Tmut           4%           94%         5


Dungeon Overview and Level Annotations

Branches:
Dungeon (2/15)

Altars:


Innate Abilities, Weirdness & Mutations

You cannot wear most types of armour.
You are very stealthy in the water. (Stealth+)
You are amphibious.
You can wear up to eight rings at the same time.
You can use your tentacles to constrict eight enemies at once.
Your skin changes colour to match your surroundings (Stealth+).
Your rubbery body absorbs attacks. (AC +1, EV +1)


Message History

The gnoll is moderately wounded.
You constrict the gnoll. The gnoll closely misses you.
You tentacle-slap the gnoll but do no damage.
You squeeze the gnoll, but do no damage.
The gnoll is heavily wounded.
You constrict the gnoll, but do no damage.
The gnoll escapes!
You barely miss the gnoll.
The gnoll shouts!
Your grab misses the gnoll.
You pierce the gnoll.
The gnoll is severely wounded.
The gnoll hits you!
You barely miss the gnoll. Your grab misses the gnoll.
You tentacle-slap the gnoll, but do no damage.
The gnoll is severely wounded.
The gnoll completely misses you. The gnoll hits you.
You barely miss the gnoll. You grab the gnoll.
You pierce the gnoll.
You squeeze the gnoll.
You kill the gnoll!
Your transformation is almost over.
A quokka comes into view.
The gnoll hits you with a +0 flail!
* * * LOW HITPOINT WARNING * * *
You see here a rat corpse.
The ball python barely misses you. x2
Found a robe.
You see here a stone.
You tentacle-slap the ball python.
You kill the ball python!
Your tentacle spike disappears.
Your primal bloodlust is almost over.
As you read the scroll labelled OHEP CONAILOI, it crumbles to dust.
It is a scroll of enchant armour.
You aren't carrying any armour which can be enchanted further.
You howl as the wereblood boils in your veins!
You howl as the wereblood boils in your veins!
It was a potion of flight.
You feel very buoyant.
You fly up into the air.
The gnoll hits you from afar with a +0 spear!
You die...

#...........
#†.######
#g.g...####.
#g.......
.#$.^.###
#.#######
...g..# #.#
##.Jg.#
#####(# ##..##
#.#.†.# #..#
####...####
#..#
#.g........#
#..#
#.@.g.........
...#
#..........###
#..#
#...[......#
#..........#
#..........#
#..........#
###########


You could see 2 gnolls.

Vanquished Creatures
  A gnoll (D:2)
  An ooze (D:1)
  A dart slug (D:1)
  3 leopard geckos (D:1)
  A ball python (D:2)
  7 bats (D:1)
  3 giant cockroaches
  7 goblins
  3 hobgoblins
  2 frilled lizards
  A kobold (D:1)
  5 rats
35 creatures vanquished.

Notes
Turn   | Place    | Note
-------+----------+-------------------------------------------
     0 | D:1      | tilp the Octopode Transmuter began the quest for the Orb.
     0 | D:1      | Reached XP level 1. HP: 13/13 MP: 3/3
    39 | D:1      | Reached skill level 1 in Stealth
    63 | D:1      | Reached skill level 2 in Stealth
    73 | D:1      | Reached XP level 2. HP: 15/18 MP: 5/5
   183 | D:1      | Reached skill level 3 in Stealth
   192 | D:1      | Learned a level 2 spell: Wereblood
   526 | D:1      | Reached XP level 3. HP: 10/23 MP: 6/6
   741 | D:1      | Reached skill level 4 in Stealth
  1322 | D:2      | Mangled by a gnoll

Illustrated notes

Levels and vault maps discovered:
D:1:      minmay_arrival_doors, layout_basic
D:2:      layout_rooms, corner_web_ring, serial_bayou_pond_d

Skill      XL: |  1  2  3 |
---------------+----------+-----
Stealth        | 2 3 4 |  4.0
Fighting       | |  1.6
Dodging        | |  2.0
Unarmed Combat | |  3.3
Spellcasting   | |  2.0
Transmutations | |  2.0

Action                   || total
-------------------------++-------
Melee: Unarmed           ||    79
       Constrict         ||    18
       Tentacles         ||    15
       Kick              ||     7
       Punch             ||     1
Throw: Stone             ||     6
 Cast: Beastly Appendage ||     7
       Wereblood         ||     2
  Use: Scroll            ||     1
       Potion            ||     1
 Stab: Sleeping          ||     5
       Distracted        ||     1
Armor: Skin              ||     6
Dodge: Dodged            ||    57

Table legend: (Time is in decaauts)
 A = Elapsed time spent in this place.
 B = Non-inter-level travel time spent in this place.
 C = Inter-level travel time spent in this place.
 D = Time resting spent in this place.
 E = Time spent auto-exploring this place.
 F = Levels seen in this place.
 G = Mean time per level.
                   A        B        C        D        E       F      G
               +--------+--------+--------+--------+--------+-----+--------+
         Total |   1318 |   1240 |     78 |    119 |    666 |   2 |  659.0 |
       Dungeon |   1318 |   1240 |     78 |    119 |    666 |   2 |  659.0 |
               +--------+--------+--------+--------+--------+-----+--------+

Top non-repeatable levels by time:
     D:1: 1149 daAuts
     D:2: 169 daAuts
